AoeStats
← 739697286

Arabian Desert

510051113Analyzed
1v1 RM · 4d ago on Sep 29, 2026· 23m 36s· 2 players
Game mode
Random Map
Map size
Tiny (2 player)
Population
200
Speed
Normal
Resources
Standard
Victory
Conquest
Starting age
Dark Age
Ending age
Imperial Age
RankedLock teamsTeams togetherTeam positionsShared explorationLock speedFull tech treeHidden civsTurbo modeCheats
Victory
Defeat
🇻🇳 Poles · Vietnam
1318
+15
🇨🇳 Celts · China
1293
-15
739697286
4:54 Loom
14:14 Feudal Age
15:01 Man-at-Arms
15:48 Horse Collar
16:46 Wheelbarrow
17:40 Double-Bit Axe
20:19 Scale Mail Armor
21:50 Forging
24:22 Castle Age
Mr BIG
6:38 Loom
9:23 Feudal Age
14:39 Wheelbarrow
20:37 Castle Age
19:56 Fletching
21:02 Crossbowman
22:41 Padded Archer Armor
22:39 Double-Bit Axe
Connection lost

Rejoining the realm…

Still unreachable

The connection could not be restored.

Session expired

The server has moved on; the page needs a fresh start.